 Dungeon Crawl Stone Soup version 0.17-a0-1778-gd369669 (webtiles) character file.

213 4thArraOfDagon the Firebug (level 5, -1/28 HPs)
             Began as a Deep Elf Fire Elementalist on Sept 8, 2015.
             Was an Initiate of Vehumet.
             Slain by Blork the orc
             ... wielding a +4 dire flail of protection
              (16 damage)
             ... on level 5 of the Dungeon.
             The game lasted 00:06:57 (1046 turns).

4thArraOfDagon the Firebug (DEFE)                   Turns: 1046, Time: 00:06:57

Health: -1/28      AC:  2    Str:  5    XL:     5   Next: 59%
Magic:  0/13       EV: 13    Int: 21    God:    Vehumet [......]
Gold:   55         SH:  0    Dex: 15    Spells: 3 memorised, 4 levels left

rFire  . . .     SeeInvis .     k - +0 short sword
rCold  . . .     Clarity  .     a - +0 robe
rNeg   . . .     SustAt   .     (no shield)
rPois  .         Gourm    .     (no helmet)
rElec  .         Spirit   .     (no cloak)
rCorr  .         Warding  .     (no gloves)
rMut   .         Stasis   .     (no boots)
MR     .....                    (no amulet)
Stlth  ++........               (no ring)
                                (no ring)

@: very slightly contaminated, not resistant to hostile enchantments, unstealthy
A: no striking features
a: Renounce Religion


You were on level 5 of the Dungeon.
You worshipped Vehumet.
Vehumet was noncommittal.
You were hungry.

You visited 1 branch of the dungeon, and saw 5 of its levels.

You collected 55 gold pieces.

Inventory:

Hand weapons
 h - a +2 hunting sling of flaming
 k - a +0 short sword (weapon)
 r - a +0 great sword
Missiles
 i - 15 stones (quivered)
Armour
 a - a +0 robe (worn)
Scrolls
 d - a scroll of amnesia {unknown}
 e - a scroll of magic mapping {unknown}
 g - 3 scrolls of identify {unknown}
 j - 3 scrolls of teleportation {unknown}
 m - a scroll of fog {unknown}
 p - a scroll of enchant armour {unknown}
Potions
 f - a potion of heal wounds {unknown}
 n - a potion of haste {unknown}
Books
 b - a book of Flames

   Spells                             Type                      Level
   a - Flame Tongue                   Conjuration/Fire             1
   b - Throw Flame                    Conjuration/Fire             2
   c - Conjure Flame                  Conjuration/Fire             3
   d - Inner Flame                    Hexes/Fire                   3
   e - Sticky Flame                   Conjuration/Fire             4
   f - Fireball                       Conjuration/Fire             5
Comestibles
 c - 2 bread rations
 l - 3 meat rations
 o - 4 chunks of flesh


   Skills:
 - Level 2.4 Dodging
 - Level 2.4 Stealth
 + Level 4.2 Spellcasting
 * Level 4.0 Conjurations
 * Level 5.1 Fire Magic


You had 4 spell levels left.
You knew the following spells:

 Your Spells              Type           Power        Failure   Level  Hunger
a - Flame Tongue          Conj/Fire      ###..        1%          1    None
b - Conjure Flame         Conj/Fire      ###.....     6%          3    ###....
c - Sticky Flame          Conj/Fire      ###.....     21%         4    ####...


Dungeon Overview and Level Annotations

Branches:
Dungeon (5/15)
 Temple: D:4-7

Altars:
Ashenzari
Vehumet
Xom

Annotations:
D:2 Natasha
D:3 4thArraOfDagon's ghost, weakling HOBe
D:5 Blork the orc


Message History

Something hits you!
Casting: Conjure Flame
Confirm with . or Enter, or press ? or * to list all spells.
Aiming: Sticky Flame
Press: ? - help, Shift-Dir - straight line You miscast Sticky Flame.
You are very lightly contaminated with residual magic.
You smell smoke.
Something hits you!
* * * LOW HITPOINT WARNING * * *
Casting: Sticky Flame
Confirm with . or Enter, or press ? or * to list all spells.
Aiming: Sticky Flame
Press: ? - help, Shift-Dir - straight line Something barely misses you.
Unknown command.
Unknown command.
Drink which item? (? for menu, Esc to quit)
You feel better. Something hits you!
Ouch! That really hurt!
You die...

#.#........... #..
..........
#..#......... #.
#.#...(..... #.
#.....#.....
#.########.........
####.#.....>........o.
#.........ยง###........
#.....<...@# #........
#..........##......<..
##..........#...#.#####
....................
######......#..>....
#...........##..
#...........#
#......##...# #......#
...#


There were no monsters in sight!

Vanquished Creatures
  A centaur zombie (D:4)
  A centaur skeleton (D:4)
  Jessica (D:2)
  2 orc wizards (D:3)
  Natasha (D:2)
  An adder (D:2)
  A worm (D:4)
  7 orcs
  2 ball pythons
  2 bats (D:2)
  A giant cockroach (D:3)
  A hobgoblin (D:3)
  6 jackals
  2 kobolds
  5 giant newts
  3 goblins
  A rat (D:3)
38 creatures vanquished.

Notes
Turn   | Place    | Note
--------------------------------------------------------------
     0 | D:1      | 4thArraOfDagon the Deep Elf Fire Elementalist began the quest for the Orb.
     0 | D:1      | Reached XP level 1. HP: 10/10 MP: 6/6
    17 | D:2      | Reached XP level 2. HP: 15/15 MP: 4/8
    18 | D:2      | Noticed Natasha
    58 | D:2      | Killed Natasha
    58 | D:2      | Reached XP level 3. HP: 15/19 MP: 2/9
    63 | D:2      | Learned a level 3 spell: Conjure Flame
    96 | D:2      | Found a shattered altar of Ashenzari.
   160 | D:2      | Noticed Natasha
   308 | D:2      | Found a shimmering altar of Xom.
   333 | D:2      | Noticed Jessica
   336 | D:2      | Killed Jessica
   336 | D:2      | Reached skill level 4 in Fire Magic
   398 | D:3      | Reached XP level 4. HP: 24/24 MP: 6/11
   438 | D:3      | Found a radiant altar of Vehumet.
   455 | D:3      | Noticed 4thArraOfDagon's ghost (weakling HOBe)
   490 | D:4      | Learned a level 4 spell: Sticky Flame
   764 | D:3      | Reached XP level 5. HP: 17/28 MP: 0/13
   883 | D:3      | Became a worshipper of Vehumet
   945 | D:4      | Reached skill level 5 in Fire Magic
   991 | D:5      | Entered Level 5 of the Dungeon
  1026 | D:5      | Noticed Blork the orc
  1046 | D:5      | Slain by Blork the orc

Vault maps used:
D:1:      dpeg_arrival_pits, amethyst_killhole, minmay_misc_feat_columns,
          okawaru_ov_weapons_minmay
D:2:      kennysheep_the_goblin_king, lemuel_round_altar, ashenzari_altar_1,
          uniq_natasha, uniq_jessica
D:3:      vehumet_altar_wand_db
D:4:      first_bread
D:5:      lemuel_ratsnest, temple_hall, uniq_menkaure, uniq_blork_the_orc

Action                   |  1- 3 |  4- 6 || total
-------------------------+-------+-------++-------
Melee: Short sword       |     4 |    18 ||    22
 Cast: Flame Tongue      |    26 |    50 ||    76
       Conjure Flame     |       |     5 ||     5
       Sticky Flame      |       |     3 ||     3
  Use: Potion            |       |     3 ||     3
  Eat: Chunk             |       |     1 ||     1
